 Dungeon Crawl Stone Soup version 0.20-a0 (webtiles) character file.

457 poirepourri the Chopper (level 6, -2/57 HPs)
             Began as a Minotaur Abyssal Knight on Oct 27, 2016.
             Was a Believer of Lugonu.
             Slain by an orc priest
             ... wielding a +0 dagger
              (5 damage)
             ... on level 4 of the Dungeon.
             The game lasted 00:03:41 (3691 turns).

poirepourri the Chopper (Minotaur Abyssal Knight)   Turns: 3691, Time: 00:03:41

Health: -2/57      AC:  5    Str: 17    XL:     6   Next: 77%
Magic:  6/6        EV: 12    Int:  9    God:    Lugonu [**....]
Gold:   225        SH:  0    Dex: 11    Spells: 0 memorised, 5 levels left

rFire  . . .     SeeInvis .     a - +1 hand axe
rCold  . . .     Gourm    .     b - +2 leather armour
rNeg   . . .     Faith    .     (no shield)
rPois  .         Spirit   .     (helmet restricted)
rElec  .         Reflect  .     (no cloak)
rCorr  .         Harm     .     (no gloves)
MR     .....                    (no boots)
Stlth  +.........               (no amulet)
                                (no ring)
                                (no ring)

@: no status effects
A: retaliatory headbutt, horns 2
a: Depart the Abyss, Bend Space, Renounce Religion


You were on level 4 of the Dungeon.
You worshipped Lugonu.
Lugonu was pleased with you.
You were not hungry.

You visited 2 branches of the dungeon, and saw 5 of its levels.
You visited the Abyss 1 time.

You collected 225 gold pieces.

Inventory:

Hand Weapons
 a - a +1 hand axe (weapon)
Armour
 b - a +2 leather armour (worn)
Jewellery
 c - an uncursed ring of stealth {unknown}
 h - an uncursed ring of fire {unknown}
 l - an uncursed ring of protection from magic {unknown}
 n - a cursed -3 ring of dexterity {unknown}
Scrolls
 d - a scroll of fog
 k - 3 scrolls of enchant weapon {unknown}
Potions
 e - a potion of flight {unknown}
 f - a potion of degeneration {unknown}
 i - a potion of curing {unknown}
 j - a potion of lignification {unknown}
Comestibles
 g - 5 fruits
 m - a beef jerky
 o - a slice of pizza


   Skills:
 + Level 5.8 Fighting
 + Level 5.9 Axes
 + Level 3.9 Armour
 + Level 2.9 Dodging
 + Level 2.2 Invocations


You had 5 spell levels left.
You didn't know any spells.

Dungeon Overview and Level Annotations

Branches:
Dungeon (4/15)             Temple (1/1) D:4

Altars:
Cheibriados
Dithmenos
Elyvilon
Gozag
Hepliaklqana
Kikubaaqudgha
Makhleb
Nemelex Xobeh
Okawaru
Qazlal
Sif Muna
Trog
Uskayaw
Vehumet
Yredelemnul
Zin
The Shining One


Innate Abilities, Weirdness & Mutations

You reflexively headbutt those who attack you in melee.
You have a pair of horns on your head.


Message History

You feel less confused. The orc barely misses you.
You closely miss the orc priest. The orc closely misses you.
The orc priest hits you but does no damage.
You barely miss the orc priest.
The orc hits you from afar with a trident.
* * * LOW HITPOINT WARNING * * *
The orc priest hits you but does no damage.
You slash the orc priest!
The orc priest is heavily wounded.
The orc hits you from afar with a trident.
* * * LOW HITPOINT WARNING * * *
The orc priest closely misses you. You furiously retaliate!
You headbutt the orc priest. You hit the orc priest.
The orc priest is almost dead.
The orc hits you from afar with a trident!
* * * LOW HITPOINT WARNING * * *
The orc priest hits you with a dagger.
You die...

.....#######.........####.
....# #>....#...##...
#.#..## ###.###...##.##
#..#....# #..###...#.#
#.#......## #...##.#...##
..........###...#..##....
....... #..<.#...........
......o#####.............
#......o@........†.......
#...(.#########....######
..... ........# ....
###........ ... #.........
#. #......### # #......#
#......#


You could see an orc priest and an orc.

Vanquished Creatures
  Grinder (D:3)
  A scorpion (D:4)
  An orc wizard (D:4)
  A hound skeleton (D:4)
  8 adders
  An adder skeleton (D:3)
  4 worms
  4 leopard geckos
  7 orcs
  5 giant cockroaches
  12 goblins
  10 hobgoblins
  4 jackals (D:2)
  A quokka (D:2)
  2 ball pythons (D:2)
  5 bats
  2 frilled lizards
  7 kobolds
  2 rats
78 creatures vanquished.

Notes
Turn   | Place    | Note
-------+----------+-------------------------------------------
     0 | Abyss:1  | poirepourri the Minotaur Abyssal Knight began the quest for the Orb.
     0 | Abyss:1  | Reached XP level 1. HP: 19/19 MP: 1/1
     4 | D:1      | Escaped the Abyss
   133 | D:1      | You fall through a shaft!
   153 | D:2      | Reached XP level 2. HP: 16/27 MP: 2/2
   197 | D:2      | Reached * piety under Lugonu
   481 | D:2      | Reached XP level 3. HP: 9/34 MP: 3/3
  1562 | D:3      | Reached XP level 4. HP: 30/41 MP: 4/4
  1821 | D:3      | Found a hazy altar of Hepliaklqana.
  1913 | D:3      | Reached ** piety under Lugonu
  2230 | D:3      | Noticed Grinder
  2233 | D:3      | Paralysed by Grinder for 6 turns
  2247 | D:3      | HP: 2/41 [Grinder (3)]
  2248 | D:3      | Paralysed by Grinder for 3 turns
  2257 | D:3      | Killed Grinder
  2257 | D:3      | Reached skill level 5 in Fighting
  2257 | D:3      | Reached skill level 5 in Axes
  2257 | D:3      | Reached XP level 5. HP: 41/48 MP: 5/5
  2257 | D:3      | Reached XP level 6. HP: 48/56 MP: 6/6
  2969 | D:4      | Found a shadowy altar of Dithmenos.
  2984 | D:4      | Found a staircase to the Ecumenical Temple.
  3000 | Temple   | Entered the Ecumenical Temple
  3578 | D:4      | Found a faded altar of an unknown god.
  3578 | D:4      | Found an iron altar of Okawaru.
  3583 | D:4      | Found a faded altar of an unknown god.
  3585 | D:4      | Found a faded altar of an unknown god.
  3587 | D:4      | Found a faded altar of an unknown god.
  3691 | D:4      | Slain by an orc priest

Vault maps used:
D:1:      evilmike_arrival_crescent, minmay_hedge_maze, ashenzari_altar_1
D:2:      cheibrodos_greedy_goblins, minmay_pentomino_r4
D:3:      lemuel_crystal_altar, uniq_grinder
D:4:      kennysheep_little_box, chequers_temple_overflow_minitemple,
          overflow_temple_1_default
Temple:   eino_temple_water
Abyss:1:  hangedman_abyss_exit_choices, hangedman_elemental_corridor

Skill      XL: |  1  2  3  4 |
---------------+-------------+-----
Invocations    | 2 |  2.2
Fighting       | 4 5 |  5.8
Axes           | 3 5 |  5.9
Armour         | 3 |  3.9
Dodging        | 2 |  2.9

Action                   |  1- 3 |  4- 6 || total
-------------------------+-------+-------++-------
Melee: Hand axe          |    87 |    96 ||   183
       Headbutt          |    10 |    23 ||    33
Invok: Depart the Abyss  |     1 |       ||     1
       Bend Space        |       |     1 ||     1
  Use: Scroll            |       |     6 ||     6
       Potion            |       |     3 ||     3
  Eat: Bread ration      |     1 |       ||     1
       Meat ration       |       |     1 ||     1
       Fruit             |       |     1 ||     1
       Beef jerky        |       |     1 ||     1
Armor: Leather armour    |    41 |    31 ||    72
Dodge: Dodged            |    60 |    67 ||   127
